 Dungeon Crawl Stone Soup version 0.22-a0-422-g9628fc8 (webtiles) character file.

41 Gorglomux the Skirmisher (level 3, 0/33 HPs)
             Began as a Minotaur Fighter on May 20, 2018.
             Succumbed to an adder's poison
             ... on level 2 of the Dungeon.
             The game lasted 00:00:30 (395 turns).

Gorglomux the Skirmisher (Minotaur Fighter)          Turns: 395, Time: 00:00:31

Health: 0/33       AC:  8    Str: 21    XL:     3   Next: 32%
Magic:  2/2        EV:  7    Int:  5    God:
Gold:   14         SH:  9    Dex:  9    Spells: 2/2 levels left

rFire    + . .     SeeInvis .   a - +0 war axe
rCold    x . .     Gourm    .   c - +0 shield
rNeg     . . .     Faith    .   b - +0 scale mail
rPois    .         Spirit   .   (helmet restricted)
rElec    .         Reflect  .   (no cloak)
rCorr    .         Harm     .   (no gloves)
MR       .....                  (no boots)
Stlth    ..........             (no amulet)
HPRegen  0.11/turn              i - ring of fire
MPRegen  0.08/turn              (no ring)

@: lethally poisoned (0 -> -2)
A: retaliatory headbutt, horns 2, rugged brown scales 1, inhibited regeneration
a: no special abilities


You were on level 2 of the Dungeon.
You were not hungry.

You visited 1 branch of the dungeon, and saw 2 of its levels.

You collected 14 gold pieces.

Inventory:

Hand Weapons
 a - a +0 war axe (weapon)
Armour
 b - a +0 scale mail (worn)
 c - a +0 shield (worn)
Jewellery
 i - a ring of fire (left hand)
Scrolls
 j - a scroll of fog {unknown}
 k - a scroll of teleportation {unknown}
 l - a scroll of noise {unknown}
Potions
 d - a potion of might
 g - a potion of mutation {!q}
Comestibles
 f - 2 rations
 m - a chunk of flesh


   Skills:
 + Level 4.1 Fighting
 + Level 3.1 Axes
 + Level 4.1 Armour
 + Level 4.1 Shields


You had 2 spell levels left.
You didn't know any spells.
Your spell library was empty.

Dungeon Overview and Level Annotations

Branches:
Dungeon (2/15)

Altars:


Innate Abilities, Weirdness & Mutations

You reflexively headbutt those who attack you in melee.
You have a pair of horns on your head.
You are partially covered in rugged brown scales. (AC +1, +3% HP)
You do not regenerate when monsters are visible.


Message History

* * * don't die
* * * You feel sick! * * * don't die
* * * Butt feel sick!
You butt the large butt!
Found 15 stones!
A goblin butts into view! It is wielding a club! * * * butt't die
* * * You feel sick!
The goblin shouts!!!
Found a scale mail!
There is a butt open door here!
There is a large open door here!
You closely miss the goblin! * * * don't die
* * * You feel sick!
You block the goblin's attack!
You barely miss the goblin! The goblin closely misses you!
You furiously retaliate!!!
You headbutt the goblin!!!
You annihilate the goblin!!! rip

#.##...##..........#
#.##...##..†.......#
#..'...''........#
####...##........#
#)÷.##......).#
#...########'##
#...# #####'######
#...# #.....(....#
##### #....@.....#
#..........#
#..........#
.............#
.........[...#
###+#######..# ..#
..


There were no monsters in sight!

Vanquished Creatures
  An adder (D:2)
  An ooze (D:1)
  3 worms (D:2)
  2 bats
  5 goblins
  2 hobgoblins
  A kobold (D:2)
  A frilled lizard (D:2)
  3 rats (D:1)
19 creatures vanquished.

Notes
Turn   | Place    | Note
-------+----------+-------------------------------------------
     0 | D:1      | Gorglomux the Minotaur Fighter began the quest for the Orb.
     0 | D:1      | Reached XP level 1. HP: 19/19 MP: 0/0
    90 | D:1      | Reached XP level 2. HP: 27/27 MP: 1/1
   216 | D:2      | Reached skill level 3 in Axes
   380 | D:2      | Reached XP level 3. HP: 9/33 MP: 2/2
   385 | D:2      | Gained mutation: You do not regenerate when monsters are visible. [potion of mutation]
   385 | D:2      | Gained mutation: You are partially covered in rugged brown scales. (AC +1, +3% HP) [potion of mutation]
   393 | D:2      | HP: 1/33 [poisoned by an adder]
   395 | D:2      | Succumbed to an adder's poison

Vault maps used:
D:1:      nicolae_arrival_washed_ashore
D:2:      kennysheep_generic_room_2

Skill      XL: |  1  2 |
---------------+-------+-----
Fighting       | 4 |  4.1
Shields        | 4 |  4.1
Armour         | 4 |  4.1
Axes           | 3 |  3.1

Action                   || total
-------------------------++-------
Melee: War axe           ||    40
       Headbutt          ||     8
  Use: Potion            ||     1
Armor: Scale mail        ||    19
Dodge: Dodged            ||     9
Block: Shield            ||    21

Table legend:
 A = Spawn XP
 B = Non-spawn XP
 C = Spawn XP percentage of total XP
 D = Spawn monster count
 E = Non-spawn monster count
 F = Spawn count percentage of total count
 G = Total turns spent on level
                    A         B        C        D         E        F      G
               +---------+---------+-------+---------+---------+-------+---------
         Total |       0 |      59 |   0.0 |       0 |      19 |   0.0 |   395
               +---------+---------+-------+---------+---------+-------+---------
           D:1 |       0 |      22 |   0.0 |       0 |      10 |   0.0 |   151
           D:2 |       0 |      37 |   0.0 |       0 |       9 |   0.0 |   244
               +---------+---------+-------+---------+---------+-------+---------
